 Dungeon Crawl Stone Soup version 0.30.0-10-gfe55d96785 (webtiles) character file.

Game seed: 17996926038200698012

10842 monsoonserge the Basher (level 12, 0/90 HPs)
             Began as a Meteoran Fighter on May 15, 2023.
             Was a High Priest of Hepliaklqana.
             Slain by a troll (3 damage)
             ... led by an orc knight
             ... on level 1 of the Orcish Mines.
             The game lasted 00:52:51 (4694 turns).

monsoonserge the Basher (Meteoran Fighter)          Turns: 4694, Time: 00:52:51

Health: 0/90       AC: 15    Str: 22    XL:     12   Next: 25%
Magic:  17/17      EV: 11    Int: 11    God:    Hepliaklqana [*****.]
Gold:   917        SH:  7    Dex: 20    Spells: 11/11 levels left

rFire   . . .        E - +2 flail (drain)
rCold   + . .        c - +0 buckler
rNeg    . . .        F - +2 chain mail {rC+}
rPois   +            (no helmet)
rElec   .            z - +0 cloak
rCorr   .            (no gloves)
SInv    .            (no boots)
Will    +....        (no amulet)
Stlth   x              - ring of poison resistance
HPRegen 0.35/turn    e - +6 ring of dexterity
MPRegen 0.15/turn

%: no passive effects
@: glowing
A: reduced essence, sense surroundings 2, otherworldly, glowing, explore regen
a: Renounce Religion, Recall Ancestor, Ancestor Identity, Transference, Idealise


You were on level 1 of the Orcish Mines.
You worshipped Hepliaklqana.
Hepliaklqana was extremely pleased with you.
You visited 4 branches of the dungeon, and saw 15 of its levels.

You collected 929 gold pieces.
You spent 12 gold pieces at shops.

Inventory:

Hand Weapons
 E - a +2 flail of draining (weapon)
 G - a +1 hammer of holy wrath
Missiles
 b - 3 throwing nets
 h - 11 boomerangs (quivered)
 p - 2 silver boomerangs
 A - 13 poisoned darts
Armour
 c - a +0 buckler (worn)
 z - a +0 cloak (worn)
 F - a +2 chain mail of cold resistance (worn)
 H - +0 swamp dragon scales
Jewellery
 e - a +6 ring of dexterity (right hand)
 w - a ring of fire
 x - a ring of poison resistance (left hand)
Wands
 u - a wand of quicksilver (16)
 D - a wand of flame (39)
 M - a wand of iceblast (10)
Scrolls
 f - 2 scrolls of amnesia {unknown}
 g - 7 scrolls of teleportation
 k - 2 scrolls of butterflies {unknown}
 m - 2 scrolls of enchant weapon {unknown}
 s - 2 scrolls of immolation {unknown}
 t - 6 scrolls of identify {unknown}
 v - 4 scrolls of poison {unknown}
 y - a scroll of magic mapping {unknown}
 C - 2 scrolls of fear {unknown}
 I - 2 scrolls of fog {unknown}
 L - a scroll of vulnerability {unknown}
 N - a scroll of acquirement {unknown}
Potions
 a - a potion of berserk rage {unknown}
 d - a potion of might
 i - 3 potions of brilliance {unknown}
 j - 2 potions of heal wounds
 l - 3 potions of attraction {unknown}
 n - 4 potions of mutation {unknown}
 o - 2 potions of degeneration {unknown}
 q - 2 potions of lignification
 r - a potion of haste {unknown}
 B - 4 potions of curing {unknown}
 J - a potion of ambrosia {unknown}
 K - a potion of cancellation {unknown}
 O - a potion of flight {unknown}


   Skills:
 + Level 8.0 Fighting
 + Level 13.6 Maces & Flails
 + Level 4.9 Throwing
 + Level 10.6 Armour
 + Level 5.1 Dodging
 + Level 8.0 Shields
 * Level 6.4 Invocations
 - Level 4.0 Evocations


You had 11 spell levels left.
You didn't know any spells.
Your spell library contained the following spells:

 Spells                   Type           Power      Damage    Failure   Level
 Summon Small Mammal      Summ           0%         N/A       89%         1
 Ensorcelled Hibernation  Hex/Ice        0%         N/A       96%         2
 Sublimation of Blood     Necr           0%         N/A       96%         2
 Call Canine Familiar     Summ           0%         N/A       99%         3
 Ozocubu's Armour         Ice            0%         N/A       99%         3
 Spider Form              Tmut/Pois      0%         N/A       99%         3
 Summon Guardian Golem    Hex/Summ       0%         N/A       99%         3
 Anguish                  Hex/Necr       0%         N/A       100%        4
 Petrify                  Tmut/Erth      0%         N/A       100%        4
 Irradiate                Conj/Tmut      0%         3d11      100%        5
 Metabolic Englaciation   Hex/Ice        0%         N/A       100%        5
 Simulacrum               Ice/Necr       0%         N/A       100%        6


Dungeon Overview and Level Annotations

Branches:
Dungeon (10/15) Zot: 1864  Temple (1/1) D:5 Zot: 594    Lair (2/5) D:8 Zot: 1040
    Orc (2/2) D:9 Zot: 802
  Swamp: Lair:2-3    Shoals: Lair:2-3     Snake: Lair:2-3    Spider: Lair:2-3
    Elf: Orc:2

Altars:
Ashenzari
Elyvilon
Fedhas
Gozag
Hepliaklqana
Kikubaaqudgha
Nemelex Xobeh
Okawaru
Ru
Trog
Uskayaw
Wu Jian
Xom
Yredelemnul
Zin

Shops:
D:2 (   D:3 [   D:4 ?

Annotations:
Lair:1 1 runed translucent door, Brutalitops's ghost, novice MfHW
Orc:1 2 runed translucent doors, Voleoc's ghost, journeyman GrFi


Innate Abilities, Weirdness & Mutations

Your life essence is reduced to manifest your ancestor. (-10% HP)
You passively map the area around you.
You are easily found by Zot.
You glow in the dark.
You regain HP and MP as you explore.


Message History

The troll closely misses you. You block the troll's attack.
The orc closely misses Gaius.
Gaius hits the orc with a +0 quarterstaff!
The orc dies!
You hit the orc knight.
The orc knight is almost dead.
You barely miss the orc knight.
The orc knight is almost dead.
The orc knight hits you with a +0 battleaxe.
* * * LOW HITPOINT WARNING * * *
The orc knight closely misses Gaius.
The troll bites you but does no damage. The troll claws you but does no damage.
You block the troll's attack.
Gaius hits the orc knight with a +0 quarterstaff.
You thump the orc knight!
You kill the orc knight!
You block the troll's attack. The troll claws you but does no damage.
The troll barely misses you.
Gaius closely misses the troll.
Your Fighting skill increases to level 8!
You hit the troll. You drain the troll.
The troll is lightly wounded.
You block the troll's attack. The troll claws you!
* * * LOW HITPOINT WARNING * * *
The troll barely misses you.
Press: ? - help, v - describe, . - travel, g - get item
Here: a troll (lightly wounded, lightly drained, ally target)
Items here: a +0 flail; 25 gold pieces; an orc corpse.
The floor.
You thump the troll!
The troll is moderately wounded.
Gaius barely misses the troll.
You thump the troll!
The troll is heavily wounded.
The troll barely misses you. You block the troll's attack. x2
Gaius hits the troll with a +0 quarterstaff!
You sock the troll!
The troll is almost dead.
You block the troll's attack. The troll claws you!
* * * LOW HITPOINT WARNING * * *
The troll claws you.
You die...

,, , * , ###.
.... ,, .... ,
...., , , , ...,
,...# , *,., ..,
$..## ,, *, *
..,##.# #....#. *
* *
##.#...#$......
*.....))T.......,
* ......R@.......
, ,
*.###.#.........
, , * *#.>.......
# #......... ,,,
## *#.......#..
#. #........# .,
# ,............
,, *###
*..#...........
,###.#
#........###.#.,
##....


You could see the friendly Gaius the battlemage and a troll (drained, ally
target).

Vanquished Creatures
  An orc knight (Orc:1)
  A cyclops (Orc:1)
  Maggie (D:6)
  An unseen horror zombie (D:8)
  A hornet (D:9)
  3 wyverns
  2 steam dragons
  3 water moccasins
  2 ice beasts
  A sky beast (D:7)
  15 orc warriors
  A hornet zombie (D:8)
  3 centaurs
  A kobold brigand (D:7)
  2 bullfrogs
  A gnoll sergeant (D:5)
  2 necrophages (D:8)
  A scorpion (D:5)
  3 wights
  7 killer bees
  A howler monkey (D:9)
  2 centaur zombies (D:8)
  A hound (D:6)
  9 orc priests
  A human zombie (D:8)
  A sleepcap (D:5)
  Crazy Yiuf (D:5)
  11 orc wizards
  2 mummies (D:8)
  8 gnolls
  7 adders
  A shadow imp (D:7)
  3 white imps
  An ufetubus (D:5)
  49 orcs
  5 ball pythons
  4 bats
  7 endoplasms
  5 goblins
  4 hobgoblins
  2 quokkas (D:1)
  2 frilled lizards
  7 kobolds
  9 rats
195 creatures vanquished.

Vanquished Creatures (collateral kills)
  An orc knight (Orc:1)
  A black mamba (Lair:1)
  2 trolls (Orc:1)
  A hornet (D:9)
  Sigmund (D:6)
  A yak (Lair:1)
  A steam dragon (D:9)
  Edmund (D:5)
  A black bear (D:7)
  8 orc warriors
  A sky beast (D:6)
  2 ogres
  A centaur (D:9)
  A bullfrog (D:7)
  A gnoll sergeant (D:7)
  2 wights
  3 killer bees (D:9)
  A howler monkey (D:9)
  An electric eel (D:9)
  5 hounds
  5 orc priests
  An iguana (D:6)
  6 orc wizards
  A howler monkey zombie (D:8)
  10 gnolls
  6 adders
  An ufetubus (D:5)
  A dart slug (D:5)
  32 orcs
  3 ball pythons
  6 endoplasms
  2 quokkas
  2 bats (D:3)
  A goblin (D:4)
  4 kobolds
  A rat (D:3)
118 creatures vanquished.

Vanquished Creatures (others)
  2 battlemagi
  A gnoll (D:5)
  An ufetubus (D:5)
  A dart slug (D:5)
  An ancestor (D:3)
  An orc (D:5)
7 creatures vanquished.

Grand Total: 320 creatures vanquished

Notes
Turn   | Place    | Note
-------+----------+-------------------------------------------
     0 | D:1      | monsoonserge the Meteoran Fighter began the quest for the
                  | Orb.
     0 | D:1      | Reached XP level 1. HP: 19/19 MP: 2/2
    57 | D:1      | Reached XP level 2. HP: 24/26 MP: 3/3
   143 | D:1      | Reached skill level 3 in Maces & Flails
   162 | D:1      | Reached XP level 3. HP: 30/31 MP: 4/4
   392 | D:2      | Found Daps's Weapon Shop.
   428 | D:2      | Reached XP level 4. HP: 40/40 MP: 5/5
   597 | D:2      | Found a faded altar of an unknown god.
   614 | D:2      | Prayed at the altar of an unknown god.
   614 | D:2      | Became a worshipper of Hepliaklqana the Forgotten
   614 | D:2      | Reached * piety under Hepliaklqana
   719 | D:2      | Reached XP level 5. HP: 30/41 MP: 6/6
   722 | D:2      | Reached skill level 4 in Maces & Flails
   841 | D:3      | Found Lublextu's Armour Boutique.
   879 | D:3      | Reached skill level 1 in Dodging
   882 | D:3      | Reached XP level 6. HP: 29/46 MP: 7/7
  1067 | D:3      | Reached ** piety under Hepliaklqana
  1068 | D:3      | Remembered your ancestor Gaius as a battlemage
  1077 | D:3      | Found a basalt altar of Yredelemnul.
  1288 | D:3      | Reached skill level 5 in Armour
  1438 | D:5      | Entered Level 5 of the Dungeon
  1473 | D:4      | Reached skill level 5 in Maces & Flails
  1534 | D:4      | Found Leadwy's Magic Scroll Shop.
  1597 | D:5      | Reached XP level 7. HP: 53/54 MP: 8/8
  1644 | D:5      | Noticed Edmund
  1653 | D:5      | Killed Edmund
  1654 | D:5      | Reached skill level 5 in Shields
  1655 | D:5      | Reached skill level 6 in Maces & Flails
  1664 | D:5      | Found a shimmering altar of Xom.
  1670 | D:5      | Reached XP level 8. HP: 42/60 MP: 9/9
  1676 | D:5      | Reached skill level 1 in Throwing
  1689 | D:5      | Reached skill level 7 in Maces & Flails
  1758 | D:5      | Found a runed translucent door.
  1759 | D:5      | Noticed Crazy Yiuf
  1767 | D:5      | Killed Crazy Yiuf
  1829 | D:6      | Reached *** piety under Hepliaklqana
  1834 | D:6      | Identified the +1 robe of Qial {Int+3}
  1846 | D:5      | Found a staircase to the Ecumenical Temple.
  1852 | D:5      | Reached skill level 5 in Fighting
  1855 | Temple   | Entered the Ecumenical Temple
  2034 | D:4      | Bought a scroll of noise for 12 gold pieces
  2051 | D:5      | Found a glowing silver altar of Zin.
  2052 | D:5      | Found a sparkling altar of Nemelex Xobeh.
  2123 | D:5      | Found a bloodstained altar of Trog.
  2176 | D:5      | Found a hide-covered altar of Uskayaw.
  2176 | D:5      | Found a blossoming altar of Fedhas.
  2177 | D:5      | Found an opulent altar of Gozag.
  2284 | D:6      | Gained mutation: You passively map the area around you.
                  | [Meteoran growth]
  2284 | D:6      | Reached XP level 9. HP: 66/66 MP: 10/10
  2304 | D:6      | Reached skill level 8 in Maces & Flails
  2356 | D:6      | Noticed Maggie
  2356 | D:6      | Noticed Sigmund
  2365 | D:6      | Killed Maggie
  2366 | D:6      | Reached skill level 9 in Maces & Flails
  2367 | D:6      | Killed Sigmund
  2797 | D:7      | Reached skill level 10 in Maces & Flails
  2839 | D:7      | Found a broken altar of Ashenzari.
  2872 | D:7      | Reached **** piety under Hepliaklqana
  2936 | D:7      | Reached XP level 10. HP: 74/74 MP: 11/11
  2979 | D:7      | Found a sacrificial altar of Ru.
  3264 | D:8      | Reached skill level 11 in Maces & Flails
  3289 | D:9      | Reached skill level 1 in Invocations
  3289 | D:9      | Reached skill level 1 in Evocations
  3563 | D:8      | Found an ancient bone altar of Kikubaaqudgha.
  3630 | D:8      | Reached XP level 11. HP: 21/81 MP: 14/14
  3633 | D:8      | Reached skill level 12 in Maces & Flails
  3803 | D:8      | Found an ornate altar of the Wu Jian Council.
  3817 | D:8      | Found a staircase to the Lair.
  3826 | Lair:1   | Entered Level 1 of the Lair of Beasts
  3840 | Lair:1   | Noticed a torpor snail
  3886 | Lair:1   | Found a runed translucent door.
  3887 | Lair:1   | Noticed Brutalitops's ghost (novice MfHW)
  3888 | Lair:1   | Identified the +9 spear "Quskic" {protect, Int+3 SInv}
  3888 | Lair:1   | Noticed a spriggan rider
  3920 | Lair:1   | Noticed a black mamba
  3930 | Lair:1   | Killed a black mamba
  4071 | D:10     | Entered Level 10 of the Dungeon
  4082 | D:9      | Reached ***** piety under Hepliaklqana
  4136 | D:9      | Reached skill level 5 in Invocations
  4188 | D:9      | Reached skill level 13 in Maces & Flails
  4238 | D:9      | Found a staircase to the Orcish Mines.
  4253 | Orc:1    | Entered Level 1 of the Orcish Mines
  4278 | Orc:1    | Reached skill level 10 in Armour
  4390 | Orc:1    | Noticed a cyclops
  4406 | Orc:1    | Killed a cyclops
  4424 | Orc:1    | Reached XP level 12. HP: 43/90 MP: 17/17
  4493 | Orc:1    | Found a large runed translucent door.
  4494 | Orc:1    | Found a large runed translucent door.
  4501 | Orc:1    | Noticed Voleoc's ghost (journeyman GrFi)
  4572 | Orc:2    | Entered Level 2 of the Orcish Mines
  4572 | Orc:2    | Noticed an orc knight
  4578 | Orc:1    | Killed an orc knight
  4651 | Orc:2    | Reached skill level 5 in Dodging
  4673 | Orc:1    | Noticed an orc knight
  4690 | Orc:1    | Killed an orc knight
  4694 | Orc:1    | HP: 3/90 [troll[an orc knight] (8)]
  4694 | Orc:1    | Slain by a troll

Illustrated notes

Levels and vault maps discovered:
D:1:      minmay_arrival_solitary_statue, layout_rooms
D:2:      layout_basic, serial_shops, shop,
          shapermc_ecumenical_altar_totnotflames, minivault_27
D:3:      layout_basic, mainiacjoe_overflow_tiny_flanked, serial_shops, shop,
          kennysheep_small_spiral, minmay_misc_feat_plants
D:4:      layout_rooms, serial_shops, nicolae_take_the_stairs, st_stairs_5
D:5:      layout_loops_ring, trog_book, xom_confusion_cloud, marbit_many_paths,
          nicolae_overflow_hidden_temple, minmay_temple_entry_gardened_gates,
          minmay_tree_intersection, uniq_edmund, uniq_crazy_yiuf_cottage
D:6:      layout_gridville, ebering_dispersal_statue_hall, nrook_mini_vaults,
          uniq_maggie, uniq_sigmund
D:7:      layout_cave_pods, mainiacjoe_overflow_concentric_impassable,
          ashenzari_altar_1, serial_bayou_pond_a,
          chequers_guarded_unrand_ignorance
D:8:      layout_rooms, nzn_wu_jian_council_hall,
          lemuel_mausoleum_altar_kikubaaqudgha, lair_entry_dummy, special_room
          [special_room_orc], kennysheep_donut
D:9:      layout_basic, erik_orc_2
D:10:     layout_small_grid, slow_altar_2, nicolae_qazlal_general_emergency,
          serial_shops, shop
Temple:   hellmonk_temple_two_chambers
Lair:1:   layout_chaotic_city, ebering_ghost_funeral_grove
Lair:2:   layout_loops_ring, minmay_shoals_entry_lonely_mermaid,
          serial_bayou_shore_a
Orc:1:    layout_caves, ebering_ghost_disaster_area
Orc:2:    st_orc_elflike, layout_diamond_mine, basic_altar, uniq_erolcha

Skill      XL: |  1  2  3  4  5  6  7  8  9 10 11 12 |
---------------+-------------------------------------+-----
Maces & Flails | 3 4 5 6 7 10 11 13 | 13.6
Shields        | 4 5 6 7 8 |  8.0
Armour         | 4 5 6 7 8 9 10 | 10.6
Fighting       | 4 5 6 7 8 |  8.0
Dodging        | 1 2 3 4 5 |  5.1
Throwing       | 1 2 3 4 |  4.9
Invocations    | 3 5 6 |  6.4
Evocations     | 2 4 |  4.0

Action                     |  1- 3 |  4- 6 |  7- 9 | 10-12 || total
---------------------------+-------+-------+-------+-------++-------
  Melee: Flail             |    89 |    99 |   106 |   380 ||   674
  Throw: Dart              |       |       |     6 |     2 ||     8
         Boomerang         |       |       |       |    53 ||    53
 Invoke: Recall Ancestor   |       |     1 |     1 |     1 ||     3
         Ancestor Life: Ba |       |     1 |       |       ||     1
         Transference      |       |       |       |     1 ||     1
  Evoke: Wand              |       |       |       |     7 ||     7
    Use: Scroll            |       |       |     1 |     1 ||     2
         Potion            |       |       |       |     2 ||     2
   Stab: Confused          |       |       |     1 |       ||     1
         Distracted        |       |       |       |     5 ||     5
 Armour: Scale mail        |    47 |    54 |       |       ||   101
         Chain mail        |       |     7 |    50 |   169 ||   226
  Dodge: Dodged            |    36 |    43 |    23 |   140 ||   242
  Block: Buckler           |    31 |    43 |    22 |   130 ||   226
